 Dungeon Crawl Stone Soup version 0.30-a0-721-ga6a225cb13 (webtiles) character file.

Game seed: 9829096693488193101

9653 Ijustatesigmund the Thaumaturge (level 11, -8/60 HPs)
             Began as a Deep Elf Conjurer on Jan 27, 2023.
             Was a Believer of Vehumet.
             Killed from afar by a gargoyle (17 damage)
             ... with a stone arrow
             ... on level 10 of the Dungeon.
             The game lasted 00:36:54 (15253 turns).

Ijustatesigmund the Thaumaturge (DECj)             Turns: 15253, Time: 00:36:55

Health: -8/60      AC: 17    Str:  6    XL:     11   Next: 25%
Magic:  11/30      EV: 11    Int: 26    God:    Vehumet [**....]
Gold:   484        SH:  0    Dex: 13    Spells: 20/36 levels left

rFire   + . .      SeeInvis .    v - +0 shortbow
rCold   . . .      Faith    .    (shield currently unavailable)
rNeg    . . .      Spirit   .    q - +3 leather armour {rF+}
rPois   +          Reflect  .    p - +2 helmet
rElec   .          Harm     .    F - +1 cloak
rCorr   .          Rampage  .    d - +2 pair of gloves
Will    ++...                    j - +1 pair of boots
Stlth   ++                       (no amulet)
HPRegen 0.30/turn                l - ring of poison resistance
MPRegen 0.22/turn                A - ring of willpower

@: no status effects
A: no striking features
a: Renounce Religion


You were on level 10 of the Dungeon.
You worshipped Vehumet.
Vehumet was pleased with you.
You visited 2 branches of the dungeon, and saw 11 of its levels.

You collected 484 gold pieces.

Inventory:

Hand Weapons
 h - a +4 short sword
 v - a +0 shortbow (weapon)
Armour
 d - a +2 pair of gloves (worn)
 j - a +1 pair of boots (worn)
 p - a +2 helmet (worn)
 q - a +3 leather armour of fire resistance (worn)
 C - +0 acid dragon scales
 F - a +1 cloak (worn)
Magical Staves
 s - a staff of fire
Jewellery
 c - a ring of fire
 l - a ring of poison resistance (left hand)
 u - a ring of flight
 z - a ring of magical power
 A - a ring of willpower (right hand)
Wands
 k - a wand of flame (10)
 B - a wand of iceblast (15)
 H - a wand of charming (7)
Scrolls
 o - a scroll of enchant weapon
 r - a scroll of immolation
 y - a scroll of teleportation
 D - a scroll of blinking
Potions
 a - a potion of heal wounds
 b - 2 potions of magic
 e - 3 potions of brilliance
 f - 3 potions of mutation
 g - 4 potions of haste
 i - 5 potions of ambrosia
 m - a potion of invisibility
 n - 2 potions of lignification
 t - 2 potions of cancellation
 w - a potion of curing
 x - 2 potions of might
 E - a potion of berserk rage {unknown}
 G - a potion of degeneration {unknown}


   Skills:
 + Level 3.7 Fighting
 - Level 4.6 Ranged Weapons
 - Level 3.6 Armour
 - Level 2.4 Dodging
 - Level 2.4 Stealth
 + Level 13.3 Spellcasting
 + Level 9.8 Conjurations
 - Level 9.0 Hexes
 - Level 7.2 Necromancy
 - Level 2.2 Translocations
 + Level 1.0 Evocations


You had 20 spell levels left.
You knew the following spells:

 Your Spells              Type           Power      Damage    Failure   Level
a - Magic Dart            Conj           100%       1d8       1%          1
b - Searing Ray           Conj           100%       2d8       1%          2
c - Enfeeble              Hex            29%        N/A       71%         7
d - Anguish               Hex/Necr       28%        N/A       1%          4
e - Blink                 Tloc           58%        N/A       3%          2

Your spell library contained the following spells:

 Spells                   Type           Power      Damage    Failure   Level
 Scorch                   Fire           34%        2d7       8%          2
 Momentum Strike          Conj/Tloc      96%        3d10      1%          2
 Dazzling Flash           Conj/Hex       100%       N/A       1%          3
 Fulminant Prism          Conj/Hex       30%        3d16      1%          4
 Lesser Beckoning         Tloc           58%        N/A       3%          2
 Iskenderun's Mystic Bla  Conj/Tloc      48%        2d11      4%          4
 Gell's Gravitas          Tloc           29%        N/A       6%          3
 Teleport Other           Tloc           29%        N/A       6%          3


Dungeon Overview and Level Annotations

Branches:
Dungeon (10/15)            Temple (1/1) D:5             Orc (0/2) D:10
   Lair: D:8-11

Altars:
Ashenzari
Cheibriados
Dithmenos
Elyvilon
Fedhas
Gozag
Hepliaklqana
Kikubaaqudgha
Makhleb
Nemelex Xobeh
Okawaru
Qazlal
Ru
Sif Muna
Trog
Uskayaw
Vehumet
Wu Jian
Xom
Yredelemnul
Zin
The Shining One

Shops:
D:5 :   D:9 (

Annotations:
D:9 2 runed translucent doors, postfeelist's ghost, novice HOFi


Message History

The killer bee stings you but does no damage.
Casting: Magic Dart (safe; 1% risk of failure)
Confirm with . or Enter, or press ? or * to list all spells.
Aiming: Searing Ray (safe; 1% risk of failure)
Press: ? - help, Shift-Dir - straight line, f - gargoyle, p - killer bee
Aim: a gargoyle, wielding a +0 mace (92% to hit)
The searing ray misses the killer bee.
The searing ray misses the gargoyle. (Press . to maintain the ray.)
The killer bee stings you.
The killer bee is wracked by anguish.
The killer bee dies!
Vehumet accepts your kill.
The searing ray hits the gargoyle.
The gargoyle is lightly damaged.
The gargoyle hits you with a +0 mace.
The searing ray hits the gargoyle!
The gargoyle is moderately damaged.
The gargoyle hits you with a +0 mace!
The searing ray hits the gargoyle.
The gargoyle is heavily damaged.
You finish channelling your searing ray.
The gargoyle closely misses you.
Casting: Searing Ray (safe; 1% risk of failure)
Confirm with . or Enter, or press ? or * to list all spells.
Aiming: Searing Ray (safe; 1% risk of failure)
Press: ? - help, Shift-Dir - straight line, f/p - gargoyle
Aim: a gargoyle, wielding a +0 mace (heavily damaged, 92% to hit)
The searing ray hits the gargoyle but does no damage.
The gargoyle is heavily damaged. (Press . to maintain the ray.)
The gargoyle hits you with a +0 mace!
* * * LOW HITPOINT WARNING * * *
The searing ray hits the gargoyle but does no damage.
The gargoyle is heavily damaged.
The gargoyle hurls a stone arrow at you.
The stone arrow misses you.
The searing ray hits the gargoyle but does no damage.
The gargoyle is heavily damaged.
The gargoyle hurls a stone arrow at you.
The stone arrow hits you!
You die...

....8..)..#.........#
##.....####.........#
#..................##
...................#
.[.........##
..........##
........## ........##
......#.@# .....###9#
....# ##. ...# .. ..#
... .# .... .....
......


You could see a gargoyle.

Vanquished Creatures
  4 centaur zombies (D:9)
  2 centaur skeletons (D:9)
  Maggie (D:8)
  A troll (D:9)
  A hellwing (D:9)
  A hornet (D:7)
  A meliai zombie (D:9)
  The ghost of Zigma the Caller, an amateur OpSu (D:4)
  A shadow (D:9)
  4 yaks (D:9)
  Edmund (D:5)
  An acid dragon (D:10)
  A water moccasin (D:5)
  3 sky beasts
  3 ice beasts
  2 black bears
  4 ogres
  3 centaurs
  3 kobold brigands
  2 bullfrogs
  A gnoll sergeant (D:8)
  3 necrophages
  4 scorpions
  19 wights
  9 killer bees
  A howler monkey (D:6)
  6 orc priests
  5 hounds
  6 jellies
  4 iguanas
  4 orc wizards
  Ijyb (D:3)
  Natasha (thrice) (D:2)
  Robin (D:3)
  7 gnolls
  6 adders
  3 shadow imps (D:9)
  A white imp (D:6)
  4 worms
  A dart slug (D:1)
  28 orcs
  6 ball pythons
  4 bats
  11 endoplasms
  3 giant cockroaches
  9 goblins
  6 hobgoblins
  2 jackals (D:5)
  23 kobolds
  6 quokkas
  3 frilled lizards
  4 rats
234 creatures vanquished.

Vanquished Creatures (collateral kills)
  A hellwing (D:9)
1 creature vanquished.

Vanquished Creatures (others)
  A queen bee (D:8)
  A yak (D:9)
  2 centaurs (D:9)
  2 killer bees (D:10)
  14 fungi (D:6)
  14 plants
  6 withered plants (D:9)
40 creatures vanquished.

Grand Total: 275 creatures vanquished

Notes
Turn   | Place    | Note
-------+----------+-------------------------------------------
     0 | D:1      | Ijustatesigmund the Deep Elf Conjurer began the quest for
                  | the Orb.
     0 | D:1      | Reached XP level 1. HP: 10/10 MP: 6/6
   101 | D:1      | Reached XP level 2. HP: 15/15 MP: 4/8
   318 | D:1      | Learned a level 2 spell: Searing Ray
   686 | D:1      | Reached skill level 4 in Spellcasting
   900 | D:1      | Reached XP level 3. HP: 19/19 MP: 5/10
   974 | D:1      | Found a faded altar of an unknown god.
  1148 | D:2      | Found an opulent altar of Gozag.
  1162 | D:2      | Reached skill level 5 in Conjurations
  1257 | D:2      | Noticed Natasha
  1262 | D:2      | Killed Natasha
  1407 | D:2      | Noticed Natasha
  1417 | D:2      | Killed Natasha
  1418 | D:2      | Reached skill level 1 in Fighting
  1418 | D:2      | Reached XP level 4. HP: 20/25 MP: 1/12
  1726 | D:2      | Noticed Natasha
  1730 | D:2      | Killed Natasha
  2025 | D:3      | Reached skill level 5 in Spellcasting
  2025 | D:3      | Reached XP level 5. HP: 29/29 MP: 7/14
  3215 | D:4      | Noticed Ijyb
  3219 | D:4      | Noticed Robin
  3298 | D:4      | HP: 1/30 [orc/+0 short sword (1)]
  3303 | D:3      | Killed Ijyb
  3487 | D:3      | Killed Robin
  3716 | D:4      | Found a large runed translucent door.
  3717 | D:4      | Found a large runed translucent door.
  3728 | D:4      | Reached XP level 6. HP: 35/35 MP: 13/16
  4421 | D:4      | Found a burning altar of Makhleb.
  4444 | D:4      | Noticed Zigma's ghost (amateur OpSu)
  4447 | D:4      | Found a runed translucent door.
  4535 | D:4      | Reached skill level 6 in Spellcasting
  4941 | D:4      | Found a sparkling altar of Nemelex Xobeh.
  4944 | D:4      | Found an ancient bone altar of Kikubaaqudgha.
  5038 | D:5      | Entered Level 5 of the Dungeon
  5179 | D:5      | Noticed a water moccasin
  5185 | D:5      | Killed a water moccasin
  5186 | D:5      | Reached skill level 1 in Armour
  5186 | D:5      | Reached XP level 7. HP: 38/40 MP: 12/19
  5232 | D:5      | Learned a level 7 spell: Enfeeble
  5260 | D:5      | Reached skill level 1 in Hexes
  5492 | D:5      | Found a staircase to the Ecumenical Temple.
  5501 | Temple   | Entered the Ecumenical Temple
  5775 | D:5      | Found Ylet's Book Shop.
  5974 | D:5      | Reached skill level 5 in Hexes
  6131 | D:5      | Reached XP level 8. HP: 37/45 MP: 8/20
  6759 | D:5      | Found a basalt altar of Yredelemnul.
  7276 | D:6      | Found a shimmering altar of Xom.
  7277 | D:6      | Noticed Edmund
  7776 | D:6      | Reached skill level 7 in Spellcasting
  8419 | D:7      | Noticed a hornet
  8595 | D:6      | Reached XP level 9. HP: 49/49 MP: 12/22
  8662 | D:6      | Reached skill level 8 in Spellcasting
  9133 | D:6      | Reached skill level 1 in Ranged Weapons
  9449 | D:6      | Reached skill level 9 in Spellcasting
  9787 | D:7      | Found a radiant altar of Vehumet.
  9864 | D:7      | Became a worshipper of Vehumet
 10028 | D:7      | Reached skill level 10 in Spellcasting
 10192 | D:7      | Learned a level 4 spell: Anguish
 10363 | D:8      | Noticed Maggie
 10376 | D:8      | Killed Maggie
 10377 | D:8      | Reached skill level 1 in Necromancy
 10377 | D:8      | Reached XP level 10. HP: 36/54 MP: 14/26
 10785 | D:8      | Found a sacrificial altar of Ru.
 10883 | D:8      | Learned a level 2 spell: Blink
 11237 | D:8      | Identified the +1 robe of Zang {Harm}
 11334 | D:8      | Reached * piety under Vehumet
 11334 | D:8      | Offered knowledge of Sandblast by Vehumet.
 11460 | D:8      | Reached skill level 1 in Translocations
 11465 | D:8      | Identified the +2 ring mail "Mose" {rN++ MP+9 Str+2 SInv}
 12306 | D:9      | Found Fets's Hydra Hut.
 12312 | D:9      | Noticed a six-headed hydra
 12334 | D:9      | Reached skill level 11 in Spellcasting
 12638 | D:9      | Reached skill level 5 in Necromancy
 12754 | D:9      | Reached skill level 12 in Spellcasting
 13179 | D:9      | Reached XP level 11. HP: 49/59 MP: 14/29
 13252 | D:9      | Reached skill level 13 in Spellcasting
 14266 | D:9      | Found a large runed translucent door.
 14267 | D:9      | Found a large runed translucent door.
 14271 | D:9      | Noticed postfeelist's ghost (novice HOFi)
 14748 | D:5      | Killed Edmund
 14878 | D:4      | Killed Zigma's ghost
 15041 | D:10     | Entered Level 10 of the Dungeon
 15188 | D:10     | Found a staircase to the Orcish Mines.
 15245 | D:10     | Reached ** piety under Vehumet
 15245 | D:10     | Offered knowledge of Scorch by Vehumet.
 15246 | D:10     | Reached skill level 1 in Evocations
 15253 | D:10     | Killed from afar by a gargoyle

Illustrated notes

Levels and vault maps discovered:
D:1:      erik_arrival_cave_to_civilisation [erik_arrival_cave_to_hall],
          layout_basic, serial_forest, infiniplex_forest_side_room,
          infiniplex_forest_lined_2, infiniplex_forest_fountain,
          infiniplex_forest_clump_medium, infiniplex_forest_clump_medium,
          ebering_ecumenical_altar_sacrificial, dreamdust_princess_corridor
D:2:      layout_rooms, basic_altar, uniq_natasha
D:3:      layout_loops_ring
D:4:      layout_gridville, jmf_multi_god_temple2, mainiacjoe_overflow_alcove_4,
          hellmonk_ghost_happy_afterlife, nicolae_goblin_pals
D:5:      minmay_opposing_rooms, layout_layer_cave, general_overflow_altar,
          minmay_temple_entry_waves, serial_shops, nicolae_shop_hallway_stairs
D:6:      layout_basic, mainiacjoe_overflow_cross_hatched,
          nicolae_nh_ransacked_shop, uniq_edmund
D:7:      layout_loops_ring, vehumet_crystals
D:8:      layout_loops_ring, kennysheep_mini_moat, moated_statue,
          nicolae_looking_at_the_future, uniq_maggie
D:9:      cheibrodos_grave_circle, layout_small_grid,
          ebering_ghost_disaster_area, serial_bayou_pond_d,
          doesnt_shop_hydraphobe
D:10:     layout_cave_pods, david_lair_shrubbed, david_orc_2
Temple:   nicolae_temple_bog_church

Skill      XL: |  1  2  3  4  5  6  7  8  9 10 11 |
---------------+----------------------------------+-----
Spellcasting   | 4 5 6 7 10 12 13 | 13.3
Conjurations   | 5 6 7 9 |  9.8
Fighting       | 1 2 3 |  3.7
Armour         | 1 2 3 |  3.6
Hexes          | 6 9 |  9.0
Ranged Weapons | 4 |  4.6
Necromancy     | 1 7 |  7.2
Translocations | 2 |  2.2
Evocations     | 1 |  1.0
Dodging        | |  2.4
Stealth        | |  2.4

Action                     |  1- 3 |  4- 6 |  7- 9 | 10-12 || total
---------------------------+-------+-------+-------+-------++-------
  Melee: Rapier            |       |     9 |       |       ||     9
   Fire: Shortbow          |       |       |    10 |    71 ||    81
   Cast: Magic Dart        |    53 |   150 |    92 |    66 ||   361
         Searing Ray       |     2 |    11 |    72 |    73 ||   158
         Anguish           |       |       |       |    14 ||    14
  Evoke: Wand              |       |       |       |     1 ||     1
    Use: Scroll            |     3 |     6 |    11 |     5 ||    25
         Potion            |       |     3 |     1 |       ||     4
   Stab: Sleeping          |       |     1 |       |       ||     1
 Armour: Robe              |       |    12 |       |       ||    12
         Leather armour    |       |       |    55 |   180 ||   235
  Dodge: Dodged            |    11 |    25 |    63 |   181 ||   280

Table legend: (Time is in decaauts)
 A = Elapsed time spent in this place.
 B = Non-inter-level travel time spent in this place.
 C = Inter-level travel time spent in this place.
 D = Time resting spent in this place.
 E = Time spent auto-exploring this place.
 F = Levels seen in this place.
 G = Mean time per level.
                   A        B        C        D        E       F      G
               +--------+--------+--------+--------+--------+-----+--------+
         Total |  15304 |  14754 |    550 |   5252 |   7585 |  11 | 1391.3 |
       Dungeon |  15087 |  14556 |    531 |   5252 |   7398 |  10 | 1508.7 |
        Temple |    217 |    198 |     19 |      0 |    187 |   1 |  217.0 |
               +--------+--------+--------+--------+--------+-----+--------+

Top non-repeatable levels by time:
     D:9: 2640 daAuts
     D:5: 2412 daAuts
     D:8: 1777 daAuts
     D:4: 1641 daAuts
     D:3: 1562 daAuts
     D:7: 1476 daAuts
     D:6: 1415 daAuts
     D:1: 1140 daAuts
     D:2: 808 daAuts
  Temple: 217 daAuts
    D:10: 212 daAuts
